 Dungeon Crawl Stone Soup version 0.28.0 (webtiles) character file.

Game seed: 2530633756666484842

4729 oldriver the Fighter (level 10, -5/86 HPs)
             Began as a Formicid Hunter on Feb 12, 2022.
             Was an Initiate of Ru.
             Slain by a spriggan (12 damage)
             ... in a bailey.
             The game lasted 00:16:27 (8647 turns).

oldriver the Fighter (Formicid Hunter)              Turns: 8647, Time: 00:16:28

Health: -5/86      AC: 10    Str: 15 (18) XL:     10   Next: 73%
Magic:  10/10      EV: 11    Int: 10 (12) God:    Ru [......]
Gold:   447        SH:  0    Dex:  8 (11) Spells: 9/9 levels left

rFire   . . .      SeeInvis +   b - +2 whip (elec)
rCold   . . .      Faith    .   (no shield)
rNeg    . . .      Spirit   .   F - +0 steam dragon scales
rPois   .          Reflect  .   (helmet unavailable)
rElec   .          Harm     .   s - +0 cloak
rCorr   .          Rampage  .   t - +1 pair of gloves
Will    +....                   (no boots)
Stlth   ++++......              C - amulet of regeneration
HPRegen 1.04/turn               l - ring of flight
MPRegen 0.12/turn               (no ring)

@: brilliant, attractive, flying
A: permanent stasis, dig shafts and tunnels, antennae 3, weak 1, four strong
arms
a: Dig, Renounce Religion


You were in a bailey.
You worshipped Ru.
Ru was noncommittal.
You visited 1 branch of the dungeon, and saw 8 of its levels.
You also visited: Bailey.

You collected 447 gold pieces.

Inventory:

Hand Weapons
 a - a +2 hunting sling of freezing
 b - a +2 whip of electrocution (weapon)
Missiles
 d - 60 sling bullets
 f - 64 stones (quivered)
 i - 11 poisoned darts
 q - a throwing net
Armour
 g - the +1 ring mail of the Ditch-Digger {Will+ Str-2 Int+2}
   (You found it on level 7 of the Dungeon)

   Str:       It affects your strength (-2).
   Int:       It affects your intelligence (+2).
   Will:      It increases your willpower.
 s - a +0 cloak (worn)
 t - a +1 pair of gloves (worn)
 F - +0 steam dragon scales (worn)
Jewellery
 e - a ring of fire
 l - a ring of flight (left hand)
 B - a +6 ring of intelligence
 C - an amulet of regeneration (around neck)
 H - a ring of wizardry
Wands
 p - a wand of iceblast (11)
 A - a wand of digging (8)
Scrolls
 c - 3 scrolls of immolation
 h - 8 scrolls of identify {unknown}
 j - a scroll of fog {unknown}
 n - a scroll of teleportation
 r - 2 scrolls of noise {unknown}
 v - a scroll of enchant armour {unknown}
 w - a scroll of summoning {unknown}
 y - 2 scrolls of amnesia {unknown}
 D - 2 scrolls of enchant weapon {unknown}
 G - a scroll of vulnerability {unknown}
Potions
 m - a potion of lignification {unknown}
 z - a potion of flight {unknown}


   Skills:
 + Level 10.5 Fighting
 + Level 8.3 Slings
 + Level 6.8 Armour
 - Level 1.7 Dodging
 + Level 9.8 Stealth


You had 9 spell levels left.
You didn't know any spells.
Your spell library contained the following spells:

 Spells                   Type           Power      Damage    Failure   Level
 Sandblast                Erth           0%         2d4       36%         1
 Passwall                 Tmut/Erth      0%         N/A       50%         2
 Stone Arrow              Conj/Erth      0%         3d7       75%         3


Dungeon Overview and Level Annotations

Branches:
Dungeon (8/15)             Temple (0/1) D:5          Bailey (1/1)
   Lair: D:8-11

Altars:
Elyvilon
Okawaru
Ru
Xom
Zin
The Shining One

Shops:
D:1 *   D:3 (

Annotations:
D:3 3 runed translucent doors, Sanktem7's ghost, amateur HOFi


Innate Abilities, Weirdness & Mutations

You cannot be hasted, slowed, berserked, paralysed or teleported.
You can dig through walls and to a lower floor.
You have a pair of large antennae on your head. (SInv)
You are weak. (Str -2)
Your four strong arms can wield two-handed weapons with a shield.


Message History

You miss the spriggan.
The spriggan is heavily wounded.
The spriggan misses you.
You closely miss the spriggan.
The spriggan is heavily wounded.
The spriggan hits you with a +0 trident!
You hit the spriggan.
The spriggan is severely wounded.
The spriggan barely misses you.
You hit the spriggan but do no damage.
The spriggan is severely wounded.
The spriggan hits you with a +0 trident!
* * * LOW HITPOINT WARNING * * *
You closely miss the spriggan.
The spriggan is severely wounded.
The spriggan hits you with a +0 trident!
* * * LOW HITPOINT WARNING * * *
You feel better.
The spriggan hits you but does no damage.
You feel better. The spriggan closely misses you.
Okay, then.
You closely miss the spriggan.
The spriggan is severely wounded.
The spriggan hits you with a +0 trident.
* * * LOW HITPOINT WARNING * * *
The spriggan hits you with a +0 trident!
* * * LOW HITPOINT WARNING * * *
Unknown command.
You hit the spriggan but do no damage.
The spriggan is severely wounded.
The spriggan hits you with a +0 trident!
* * * LOW HITPOINT WARNING * * *
Unknown command.
Press: ? - help, v - describe, . - travel
Here: a spriggan, wielding a +0 trident and wearing +0 steam dragon scales (severely wounded)
The floor, spattered with blood.
As you read the scroll labelled ZAENAVV WYCA, it crumbles to dust.
You feel a strange sense of stasis.
It was a scroll of teleportation.
The spriggan hits you with a +0 trident!
You die...

..# ### #..#
##.## #(.#
##...## ♣((#
#.....#
#((###.....##
#.(≈≈≈..∩...#
#((((≈.(i@..#
#..≈)≈......#
#..≈)≈......#
♣..(≈≈..∩...#
#((###.....##
#(.# #.....#
#((# ##...##
#.(# ##.##
..(# ###


You could see a spriggan.

Vanquished Creatures
  A two-headed ogre (Bailey)
  Pikel (D:6)
  Maggie (D:6)
  A spriggan (Bailey)
  2 orc warriors
  A black bear (D:4)
  10 ogres
  5 necrophages
  2 centaurs
  4 lemures (D:6)
  A bullfrog (D:4)
  A gnoll sergeant (D:7)
  3 scorpions
  6 killer bees (D:8)
  4 wights (D:7)
  A centaur zombie (D:7)
  2 hounds
  3 bullfrog skeletons (D:5)
  An orc priest (D:8)
  3 iguanas
  3 centaur skeletons (D:7)
  An orc wizard (D:7)
  2 killer bee zombies
  2 hound skeletons (D:4)
  2 howler monkey zombies
  16 gnolls
  10 adders
  A white imp (D:5)
  An ufetubus (D:5)
  4 dart slugs
  9 orcs
  3 ball pythons
  9 bats
  7 endoplasms
  6 giant cockroaches
  12 goblins
  7 hobgoblins
  5 kobolds
  8 quokkas
  6 frilled lizards
  3 rats
170 creatures vanquished.

Notes
Turn   | Place    | Note
-------+----------+-------------------------------------------
     0 | D:1      | oldriver the Formicid Hunter began the quest for the Orb.
     0 | D:1      | Reached XP level 1. HP: 16/16 MP: 1/1
   419 | D:1      | Found Zefuowum's General Store.
   481 | D:1      | Reached skill level 3 in Fighting
   481 | D:1      | Reached XP level 2. HP: 22/24 MP: 2/2
   727 | D:1      | Reached XP level 3. HP: 29/29 MP: 3/3
  1891 | D:2      | Reached skill level 4 in Fighting
  1891 | D:2      | Reached XP level 4. HP: 37/37 MP: 4/4
  2771 | D:3      | Found a faded altar of an unknown god.
  2936 | D:3      | Found Piss's Weapon Emporium.
  3091 | D:3      | Found a runed translucent gate.
  3091 | D:3      | Found a runed translucent gate.
  3091 | D:3      | Found a runed translucent gate.
  3092 | D:3      | Noticed Sanktem7's ghost (amateur HOFi)
  3426 | D:3      | Noticed a centaur
  3440 | D:3      | Killed a centaur
  3441 | D:3      | Reached skill level 5 in Fighting
  3441 | D:3      | Reached XP level 5. HP: 25/44 MP: 5/5
  3653 | D:3      | Reached XP level 6. HP: 51/51 MP: 6/6
  3779 | D:3      | Found a shimmering altar of Xom.
  4104 | D:4      | Reached skill level 6 in Fighting
  4289 | D:4      | Noticed a black bear
  4316 | D:4      | Killed a black bear
  4317 | D:4      | Reached XP level 7. HP: 33/59 MP: 7/7
  4771 | D:4      | Reached skill level 7 in Fighting
  4771 | D:4      | Reached skill level 5 in Stealth
  5431 | D:5      | Entered Level 5 of the Dungeon
  5486 | D:5      | Reached skill level 8 in Fighting
  5486 | D:5      | Reached XP level 8. HP: 66/68 MP: 8/8
  5508 | D:5      | Reached skill level 1 in Armour
  5594 | D:5      | Found a staircase to the Ecumenical Temple.
  5963 | D:5      | Found a glowing silver altar of Zin.
  5966 | D:5      | Found a white marble altar of Elyvilon.
  5969 | D:5      | Found a glowing golden altar of the Shining One.
  6187 | D:6      | Found a sacrificial altar of Ru.
  6203 | D:6      | Reached skill level 5 in Slings
  6315 | D:6      | Became a worshipper of Ru the Awakened
  6547 | D:6      | Noticed Pikel
  7094 | D:6      | Killed Pikel
  7095 | D:6      | Reached skill level 9 in Fighting
  7095 | D:6      | Reached XP level 9. HP: 72/76 MP: 9/9
  7122 | D:6      | Noticed Maggie
  7146 | D:6      | Killed Maggie
  7484 | D:7      | Found an iron altar of Okawaru.
  7513 | D:6      | Reached skill level 5 in Armour
  7697 | D:7      | Identified the +1 ring mail of the Ditch-Digger {Will+
                  | Str-2 Int+2}
  7845 | D:7      | Reached XP level 10. HP: 82/84 MP: 10/10
  8108 | D:7      | Gained mutation: You are weak. (Str -2) [Ru sacrifice]
  8360 | D:8      | Reached skill level 10 in Fighting
  8437 | D:8      | Found a flagged portal.
  8450 | Bailey   | Entered a bailey
  8550 | Bailey   | Noticed a two-headed ogre
  8558 | Bailey   | Killed a two-headed ogre
  8647 | Bailey   | Slain by a spriggan

Illustrated notes

Levels and vault maps discovered:
D:1:      minmay_arrival_up_and_down, layout_basic, serial_shops,
          nicolae_shop_crystal
D:2:      layout_basic
D:3:      layout_basic, xom_confusion_cloud, gammafunk_ghost_split,
          hellmonk_ecumenical_altar_blasted, serial_shops,
          nicolae_shop_bloodbath_and_beyond
D:4:      minmay_wonky_spiral, layout_loops_ring
D:5:      layout_rooms, good_gods_temple_1, minmay_temple_entry_purple_smoke
D:6:      layout_loops_ring, lemuel_crystal_altar, uniq_maggie, uniq_pikel
D:7:      layout_basic, okawaru_metal_pillars_1_2
D:8:      layout_rooms, enter_bailey_5
Bailey:   bailey_polearm_enchanted_keep_hellmonk, bailey

Skill      XL: |  1  2  3  4  5  6  7  8  9 10 |
---------------+-------------------------------+-----
Fighting       | 3 4 5 6 8 9 10 | 10.5
Stealth        | 2 3 4 5 7 8 9 |  9.8
Armour         | 4 5 6 |  6.8
Slings         | 6 7 8 |  8.3
Dodging        | |  1.7

Action                   |  1- 3 |  4- 6 |  7- 9 | 10-12 || total
-------------------------+-------+-------+-------+-------++-------
Melee: Short sword       |   111 |    16 |       |       ||   127
       Punch             |     1 |     1 |     1 |       ||     3
       Dagger            |       |    20 |    54 |       ||    74
       Whip              |       |       |       |    10 ||    10
 Fire: Hunting sling     |    15 |    94 |   345 |   172 ||   626
Throw: Dart              |       |     7 |     5 |       ||    12
Invok: Sacrifice Purity  |       |       |       |     1 ||     1
  Use: Potion            |     1 |       |       |     7 ||     8
       Scroll            |       |       |       |     1 ||     1
 Stab: Sleeping          |     1 |       |       |       ||     1
Armor: Ring mail         |    42 |    38 |    46 |       ||   126
       Leather armour    |     3 |       |       |       ||     3
       Steam dragon scal |       |       |     8 |    15 ||    23
Dodge: Dodged            |    81 |    58 |    87 |    49 ||   275
